Description

Wassup boiis

Taken from uThermal's "The Most TOXIC TvT Build ( Battlecruisers ) - Terran School #36"

If you beat anyone on the ladder with this build, you did not get it from uThermal.

VOD

https://www.youtube.com/watch?v=D_4xYIE-IfI

Build Order

Get SALT Encoding   

  14  0:17  Supply Depot  
  16  0:40  Barracks  
  16  0:43  Refinery  
  17  0:53  Refinery  
  18  1:28  Orbital Command, Reaper  
  19  1:29  Supply Depot  
  20  1:44  Factory  
  21  2:00  Reaper  
  24  2:29  Command Center  
  25  2:37  Starport  
  26  2:45  Hellion  
  28  2:48  Barracks Reactor  
  30  3:10  Factory Tech Lab  Swap w/ Starport
  30  3:14  Fusion Core  
  31  3:26  Marine x2  
  33  3:29  Refinery  
  36  3:55  Marine x2  
  38  4:04  Battlecruiser  
  45  4:08  Factory Tech Lab  
  45  4:13  Marine x2  
  50  4:29  Cyclone  
  56  4:42  Marine x2  
  58  5:01  Marine x2  
  60  5:11  Battlecruiser, Command Center  
  65  5:26  Marine x2, Refinery  
  67  5:30  Cyclone  
  74  5:46  Weapon Refit  Yamato Cannon
  80  6:16  Refinery, Battlecruiser, Siege Tank  
  89  6:17  Marine x2  
  91  6:18  Refinery  
  91  6:24  Orbital Command  
  95  6:42  Factory x2  Transition to full Mech
Spawning Tool Build Advisor. Get it on Overwolf

Analysis

-Scout with the seventeenth SCV

-Remove one SCV from each gas after the Factory goes down

-Build Command Center on location at natural if you notice your opponent isn't doing an aggressive build

-Build Starport BEFORE the Hellion if you notice your opponent isn't being aggressive

-Resaturate your gasses with rally once you reach 16/16 on your minerals

-Make sure you build the Fusion Core out of scan range

-You don't HAVE to pressure with your Reaper/Hellion combo. But if you have the APM to spare, go for it

-You have to skip some units to make the first Battlecruiser once the Fusion Core is done. You'll notice a large window between your first set of Marines vs second set of Marines

-You can start making Marines again, but if you notice that you don't need them, you can cancel them

-The main weakness of this build is Banshee because your Cyclone is going to be delayed

-The most important part is to scout your opponent before you attack with your BC's. You can do it with a scan as well. If you still have your Reapers, you want to hop in with them (or scan) to see if it is safe to teleport with a BC

-You ideally want to have three Battlecruiser's for your attack

-In the video, uThermal hides his Battlecruisers behind his base to avoid the scan and chooses not to teleport due to Cyclones. Once his opponent moves out, he teleports them across. It is very challenging for a Terran to defend this attack while their army is moving out

-Thermy built a second Cyclone in the VOD by accident. It was supposed to be a Tank. The build order shows it with the second Cyclone

-If you decide to fly your BC's across the map rather than keeping them at home and you see a Raven in your opponents base, gtfo and teleport out

-After your third BC is out and ready to go, start using your Starport to make Vikings with a Reactor

-After your transition to Mech, standard Hellions, Tanks, Vikings

Go to:

Details

  • Created by: zebulajams    
  • Published on: Dec 22, 2021
  • Modified on: Dec 22, 2021
  • Patch: 4.11.0
  • Difficulty: Easy
Show
View Real Time Build Order
Export as new Build Order

Comments (0)

There are no comments. Be the first!

Create an account to comment!